 Dungeon Crawl Stone Soup version 0.21.1-1-g345015f (webtiles) character file.

149 tidbits the Grave Robber (level 5, 1/37 HPs)
             Began as a Gnoll Necromancer on June 29, 2018.
             Was an Initiate of Cheibriados.
             Quit the game on level 4 of the Dungeon.
             The game lasted 00:06:35 (584 turns).

tidbits the Grave Robber (Gnoll Necromancer)         Turns: 584, Time: 00:06:36

Health: 1/37       AC:  2    Str: 11    XL:     5   Next: 31%
Magic:  1/12       EV: 15    Int: 19    God:    Cheibriados [......]
Gold:   52         SH:  0    Dex: 17    Spells: 6/14 levels left

rFire    . . .     SeeInvis .   p - +0 scimitar
rCold    . . .     Gourm    .   (no shield)
rNeg     . . .     Faith    .   i - +0 robe
rPois    .         Spirit   .   (no helmet)
rElec    .         Reflect  .   (no cloak)
rCorr    .         Harm     .   (no gloves)
MR       .....                  (no boots)
Stlth    +++.......             j - amulet of magic regeneration
HPRegen  0.12/turn              (no ring)
MPRegen  0.38/turn              (no ring)

@: lethally poisoned (1 -> -13), very slow
A: distributed training, fangs 1, strong nose
a: Bend Time, Renounce Religion


You were on level 4 of the Dungeon.
You worshipped Cheibriados.
Cheibriados was noncommittal.
You were not hungry.

You visited 2 branches of the dungeon, and saw 5 of its levels.

You collected 52 gold pieces.

Inventory:

Hand Weapons
 a - a +0 short sword
 o - a +0 spear
 p - a +0 scimitar (weapon)
Armour
 i - a +0 robe (worn)
Jewellery
 j - an amulet of magic regeneration (around neck)
   (You found it on level 3 of the Dungeon)
 l - an uncursed ring of ice
   (You found it on level 3 of the Dungeon)
Wands
 n - a wand of random effects (14)
Scrolls
 d - 3 scrolls of remove curse
 f - a scroll of teleportation {unknown}
 g - a scroll of fear {unknown}
 m - a scroll of blinking {unknown}
 q - a scroll of identify {unknown}
 r - a scroll of amnesia
Potions
 e - a potion of might
Books
 b - a book of Necromancy

   Spells                             Type                      Level
   a - Pain                           Necromancy                   1
   b - Animate Skeleton               Necromancy                   1
   c - Vampiric Draining              Necromancy                   3
   d - Regeneration                   Charms/Necromancy            3
   e - Animate Dead                   Necromancy                   4
   f - Borgnjor's Vile Clutch         Necromancy/Earth             5
Comestibles
 c - 4 rations


   Skills:
 + Level 1.4 Fighting
 + Level 1.4 Short Blades
 + Level 1.4 Long Blades
 + Level 1.4 Axes
 + Level 1.4 Maces & Flails
 + Level 1.4 Polearms
 + Level 1.4 Staves
 + Level 1.4 Slings
 + Level 1.4 Bows
 + Level 1.4 Crossbows
 + Level 1.4 Throwing
 + Level 1.4 Armour
 + Level 4.7 Dodging
 + Level 4.3 Stealth
 + Level 1.4 Shields
 + Level 1.4 Unarmed Combat
 + Level 5.1 Spellcasting
 + Level 1.1 Conjurations
 + Level 1.1 Hexes
 + Level 1.1 Charms
 + Level 1.1 Summonings
 + Level 7.2 Necromancy
 + Level 1.1 Translocations
 + Level 1.1 Transmutations
 + Level 1.1 Fire Magic
 + Level 1.1 Ice Magic
 + Level 1.1 Air Magic
 + Level 1.1 Earth Magic
 + Level 1.1 Poison Magic
 + Level 1.5 Invocations
 + Level 1.4 Evocations


You had 6 spell levels left.
You knew the following spells:

 Your Spells              Type           Power        Failure   Level  Hunger
a - Pain                  Necr           ####         1%          1    None
d - Vampiric Draining     Necr           ####......   1%          3    ##.....
n - Animate Skeleton      Necr           N/A          1%          1    None
r - Regeneration          Chrm/Necr      ###.......   7%          3    ##.....


Dungeon Overview and Level Annotations

Branches:
Dungeon (4/15)             Temple (1/1) D:4

Altars:
Ashenzari
Cheibriados
Dithmenos
Elyvilon
Hepliaklqana
Kikubaaqudgha
Okawaru
Qazlal
Ru
Sif Muna
Uskayaw
Vehumet
Xom
Zin
The Shining One

Annotations:
D:4 Sigmund


Innate Abilities, Weirdness & Mutations

Your experience applies equally to all skills.
You have very sharp teeth.
Your uncanny sense of smell can sniff out nearby items.


Message History

Casting: Pain
Confirm with . or Enter, or press ? or * to list all spells.
Aiming: Pain
Press: ? - help, Shift-Dir - straight line, f/p - jackal
Aim: a jackal (moderately wounded, chance to defeat MR: 93%)
The jackal writhes in agony!
You kill the jackal!
Cheibriados thoroughly appreciates the change of pace.
You hit the scorpion.
The scorpion is lightly wounded.
The scorpion stings you!
Casting: Pain
Confirm with . or Enter, or press ? or * to list all spells.
Aiming: Vampiric Draining
Press: ? - help, Shift-Dir - straight line, f - scorpion
Aim: a scorpion (lightly wounded)
The scorpion is heavily wounded.
You feel life coursing into your body. Something hits you.
You are poisoned.
The scorpion closely misses you.
Casting: Vampiric Draining
Confirm with . or Enter, or press ? or * to list all spells.
Aiming: Vampiric Draining
Press: ? - help, Shift-Dir - straight line, f/p - scorpion
Aim: a scorpion (heavily wounded)
The scorpion is almost dead.
You feel life coursing into your body.
You feel sick. Something hits you.
You are more poisoned.
The scorpion barely misses you.
You riposte.
You hit the scorpion.
You kill the scorpion!
Cheibriados appreciates the change of pace.
You have reached level 5!
Unknown command.
Unknown command.
It was a potion of heal wounds.
You feel much better.
You feel sick.
Casting: Vampiric Draining
Confirm with . or Enter, or press ? or * to list all spells.
Aiming: Pain
Press: ? - help, Shift-Dir - straight line, f - you Nothing appears to happen.
You feel sick.
You hear some strange, mumbled words.
You are confused.
It was a potion of curing.
You feel better. Something hits you.
Casting: Pain
Confirm with . or Enter, or press ? or * to list all spells.
Aiming: Pain
Press: ? - help, Shift-Dir - straight line, f - you Nothing appears to happen.
Something hits you.
Casting: Pain
Confirm with . or Enter, or press ? or * to list all spells.
Aiming: Pain
Press: ? - help, Shift-Dir - straight line, f - you Nothing appears to happen.
Unknown command.
Casting: Pain
Confirm with . or Enter, or press ? or * to list all spells.
Aiming: Pain
Press: ? - help, Shift-Dir - straight line, f - you Nothing appears to happen.
Something hits you!
* * * LOW HITPOINT WARNING * * *
You are lethally poisoned!
Casting: Pain
Confirm with . or Enter, or press ? or * to list all spells.
Aiming: Pain
Press: ? - help, Shift-Dir - straight line, f - you Nothing appears to happen.
* * * LOW HITPOINT WARNING * * *
You feel sick. Something barely misses you.
Casting: Pain
Confirm with . or Enter, or press ? or * to list all spells.
Aiming: Pain
Press: ? - help, Shift-Dir - straight line, f - you Nothing appears to happen.
* * * LOW HITPOINT WARNING * * *
You feel sick.
Casting: Pain
Confirm with . or Enter, or press ? or * to list all spells.
Aiming: Pain
Press: ? - help, Shift-Dir - straight line, f - you Nothing appears to happen.
* * * LOW HITPOINT WARNING * * *
You feel sick. Something barely misses you.
Casting: Pain
Confirm with . or Enter, or press ? or * to list all spells.
Aiming: Pain
Press: ? - help, Shift-Dir - straight line, f - you Nothing appears to happen.
* * * LOW HITPOINT WARNING * * *
You feel sick. Something hits you.
* * * LOW HITPOINT WARNING * * *
Okay, then.
Unknown command.
Unknown command.
Are you sure you want to abandon this character and quit the game? (Confirm with "yes".)

#. .## ..# ... #.# #{# #
#†# # #.##@##.# #..._...#
#(###.##.########
#........#... ..#
##.##.##.#.####.# # #
#.........##
#..#.#.....######
#.####..#.#.........†###
.##.......#...)...####....


There were no monsters in sight!

Vanquished Creatures
  A scorpion (D:4)
  An iguana (D:4)
  5 adders
  A leopard gecko (D:1)
  An orc (D:3)
  A giant cockroach (D:2)
  2 goblins (D:3)
  A hobgoblin (D:1)
  5 jackals
  A ball python (D:2)
  3 bats
  A frilled lizard (D:3)
  A kobold (D:3)
  6 rats
30 creatures vanquished.

Vanquished Creatures (collateral kills)
  An ooze (D:2)
  A kobold (D:2)
2 creatures vanquished.

Grand Total: 32 creatures vanquished

Notes
Turn   | Place    | Note
-------+----------+-------------------------------------------
     0 | D:1      | tidbits the Gnoll Necromancer began the quest for the Orb.
     0 | D:1      | Reached XP level 1. HP: 13/13 MP: 6/6
    50 | D:1      | Learned a level 1 spell: Animate Skeleton
    76 | D:2      | Reached XP level 2. HP: 12/20 MP: 2/7
   131 | D:2      | Found a sacrificial altar of Ru.
   220 | D:3      | Reached XP level 3. HP: 11/25 MP: 3/9
   225 | D:3      | Learned a level 3 spell: Vampiric Draining
   229 | D:3      | Learned a level 3 spell: Regeneration
   250 | D:3      | Reached skill level 5 in Spellcasting
   299 | D:3      | Reached skill level 1 in Invocations
   328 | D:3      | Reached skill level 1 in Fighting
   328 | D:3      | Reached skill level 1 in Short Blades
   328 | D:3      | Reached skill level 1 in Long Blades
   328 | D:3      | Reached skill level 1 in Axes
   328 | D:3      | Reached skill level 1 in Maces & Flails
   328 | D:3      | Reached skill level 1 in Polearms
   328 | D:3      | Reached skill level 1 in Staves
   328 | D:3      | Reached skill level 1 in Slings
   328 | D:3      | Reached skill level 1 in Bows
   328 | D:3      | Reached skill level 1 in Crossbows
   328 | D:3      | Reached skill level 1 in Throwing
   328 | D:3      | Reached skill level 1 in Armour
   328 | D:3      | Reached skill level 1 in Shields
   328 | D:3      | Reached skill level 1 in Unarmed Combat
   328 | D:3      | Reached skill level 1 in Evocations
   328 | D:3      | Reached XP level 4. HP: 27/32 MP: 11/11
   430 | D:4      | Found a staircase to the Ecumenical Temple.
   436 | Temple   | Entered the Ecumenical Temple
   476 | Temple   | Became a worshipper of Cheibriados the Contemplative
   534 | D:4      | Reached skill level 1 in Conjurations
   534 | D:4      | Reached skill level 1 in Hexes
   534 | D:4      | Reached skill level 1 in Charms
   534 | D:4      | Reached skill level 1 in Summonings
   534 | D:4      | Reached skill level 1 in Translocations
   534 | D:4      | Reached skill level 1 in Transmutations
   534 | D:4      | Reached skill level 1 in Fire Magic
   534 | D:4      | Reached skill level 1 in Ice Magic
   534 | D:4      | Reached skill level 1 in Air Magic
   534 | D:4      | Reached skill level 1 in Earth Magic
   534 | D:4      | Reached skill level 1 in Poison Magic
   554 | D:4      | Found a hazy altar of Hepliaklqana.
   566 | D:4      | Noticed Sigmund
   573 | D:4      | Reached XP level 5. HP: 25/37 MP: 5/12
   583 | D:4      | HP: 1/37 [something (4)]
   584 | D:4      | Quit the game

Skill      XL: |  1  2  3  4 |
---------------+-------------+-----
Spellcasting   | 5 |  5.1
Invocations    | 1 |  1.5
Fighting       | 1 |  1.4
Short Blades   | 1 |  1.4
Long Blades    | 1 |  1.4
Axes           | 1 |  1.4
Maces & Flails | 1 |  1.4
Polearms       | 1 |  1.4
Staves         | 1 |  1.4
Slings         | 1 |  1.4
Bows           | 1 |  1.4
Crossbows      | 1 |  1.4
Throwing       | 1 |  1.4
Armour         | 1 |  1.4
Shields        | 1 |  1.4
Unarmed Combat | 1 |  1.4
Evocations     | 1 |  1.4
Conjurations   | 1 |  1.1
Hexes          | 1 |  1.1
Charms         | 1 |  1.1
Summonings     | 1 |  1.1
Translocations | 1 |  1.1
Transmutations | 1 |  1.1
Fire Magic     | 1 |  1.1
Ice Magic      | 1 |  1.1
Air Magic      | 1 |  1.1
Earth Magic    | 1 |  1.1
Poison Magic   | 1 |  1.1
Dodging        | |  4.7
Stealth        | |  4.3
Necromancy     | |  7.2

Action                   |  1- 3 |  4- 6 || total
-------------------------+-------+-------++-------
Melee: Unarmed           |     1 |       ||     1
       Short sword       |    12 |    14 ||    26
       Scimitar          |       |     2 ||     2
 Cast: Pain              |    22 |    15 ||    37
       Animate Skeleton  |     2 |       ||     2
       Regeneration      |     1 |     1 ||     2
       Vampiric Draining |       |     2 ||     2
  Use: Potion            |     1 |     2 ||     3
       Scroll            |       |     2 ||     2
 Stab: Sleeping          |     2 |       ||     2
Armor: Robe              |     5 |     2 ||     7
Dodge: Dodged            |    17 |    16 ||    33
       Rpst.: Scimitar   |       |     2 ||     2

Table legend:
 A = Turns spent in this place as a percentage of turns spent in the entire game.
 B = Non-inter-level travel turns spent in this place as a percentage of non-inter-level travel turns spent in the entire game.
 C = Inter-level travel turns spent in this place as a percentage of turns spent in this place.
 D = Turns resting spent in this place as a percentage of non-inter-level travel turns spent in this place.
 E = Turns spent auto-exploring this place as a percentage of non-inter-level travel turns spent in this place.
 F = Non-inter-level travel turns spent in this place divided by the number of levels of this place that you've seen.
                   A       B       C       D       E      F
               +-------+-------+-------+-------+-------+----------------------
         Total | 100.0 | 100.0 |   3.9 |   0.0 |   0.0 | 112.2
       Dungeon |  90.6 |  94.3 |   0.0 |   0.0 |   0.0 | 132.2
        Temple |   9.4 |   5.7 |  41.8 |   0.0 |   0.0 |  32.0
               +-------+-------+-------+-------+-------+----------------------

Table legend:
 A = Kills in this place as a percentage of kills in entire the game.
 B = Kills by you in this place as a percentage of kills by you in the entire game.
 C = Kills by friends in this place as a percentage of kills by friends in the entire game.
 D = Other kills in this place as a percentage of other kills in the entire game.
 E = Experience gained in this place as a percentage of experience gained in the entire game.
 F = Experience gained in this place divided by the number of levels of this place that you have seen.
                   A       B       C       D       E      F
               +-------+-------+-------+-------+-------+----------------------
         Total | 100.0 | 100.0 | 100.0 |   N/A | 100.0 |  42.6
       Dungeon | 100.0 | 100.0 | 100.0 |   N/A | 100.0 |  53.2
               +-------+-------+-------+-------+-------+----------------------

Vault maps used:
D:1:      denvon_arrival_waterhouse
D:2:      nicolae_overflow_hidden_temple
D:3:      minitemple, minmay_vboxes
D:4:      overflow_temple_1_default, minmay_temple_entry_mist, first_ration,
          uniq_sigmund
Temple:   eino_temple_water
